 Dungeon Crawl Stone Soup version 0.19-a0-1260-gc94d3f7 (webtiles) character file.

126 4thArraOfDagon the Covered (level 5, 0/36 HPs)
             Began as a Halfling Wanderer on Aug 28, 2016.
             Was a Believer of the Shining One.
             Slain by a howler monkey (1 damage)
             ... on level 4 of the Dungeon.
             The game lasted 00:03:08 (905 turns).

4thArraOfDagon the Covered (Halfling Wanderer)       Turns: 905, Time: 00:03:08

Health: 0/36       AC:  6    Str: 11 (13) XL:     5   Next: 32%
Magic:  5/5        EV: 13    Int: 10 (13) God:    the Shining One [**....]
Gold:   106        SH:  0    Dex: 11 (12) Spells: 0 memorised, 4 levels left

rFire  . . .     SeeInvis .     c - +0 quarterstaff
rCold  . . .     Gourm    .     b - +1 ring mail
rNeg   + . .     Faith    +     (shield currently unavailable)
rPois  .         Spirit   .     (no helmet)
rElec  .         Dismiss  .     (no cloak)
rCorr  .         Reflect  .     (no gloves)
MR     .....     Harm     .     (no boots)
Stlth  +.........               g - amulet of faith
                                (no ring)
                                (no ring)

@: lethally poisoned (0 -> -1), exhausted, slowed, glowing, very slow
A: mutation resistance 1
a: Divine Shield, Renounce Religion


You were on level 4 of the Dungeon.
You worshipped the Shining One.
The Shining One was pleased with you.
You were hungry.

You visited 1 branch of the dungeon, and saw 4 of its levels.

You collected 106 gold pieces.

Inventory:

Hand Weapons
 c - a +0 quarterstaff (weapon)
 d - a +0 club
Armour
 a - a +0 shield
 b - a +1 ring mail (worn)
Jewellery
 g - an amulet of faith (around neck)
 m - an uncursed amulet of the gourmand {unknown}
Scrolls
 e - 2 scrolls of remove curse {unknown}
 h - a scroll of magic mapping {unknown}
 i - 2 scrolls of identify {unknown}
 j - a scroll of amnesia {unknown}
 k - a scroll of enchant armour
 l - a scroll of teleportation {unknown}
 n - a scroll of noise {unknown}
Comestibles
 f - a bread ration
 o - a royal jelly


   Skills:
 + Level 3.2 Fighting
 * Level 2.7 Staves
   Level 1.2 Bows
 + Level 3.3 Armour
 + Level 2.0 Dodging
 - Level 1.1 Stealth
 - Level 1.2 Shields


You had 4 spell levels left.
You didn't know any spells.

Dungeon Overview and Level Annotations

Branches:
Dungeon (4/15)
 Temple: D:4-7

Altars:
The Shining One


Innate Abilities, Weirdness & Mutations

You are small and have problems with some larger weapons.
You are somewhat resistant to further mutation.


Message History

The howler monkey barely misses you.
The howler monkey hits you but does no damage.
You completely miss the howler monkey.
You feel sick.
The howler monkey completely misses you.
The howler monkey hits you.
* * * LOW HITPOINT WARNING * * *
You barely miss the howler monkey. The howler monkey hits you.
* * * LOW HITPOINT WARNING * * *
The howler monkey hits you.
* * * LOW HITPOINT WARNING * * *
You hit the howler monkey.
The howler monkey is lightly wounded.
The Shining One protects you from harm!
The howler monkey hoots and howls with incredible vigour!
The howler monkey closely misses you.
You hear a shout! x5; You hear an angry hiss.
You hit the howler monkey.
The howler monkey is moderately wounded.
The howler monkey hits you.
You die...

#.[...# #.....#
#.....# ##...## ##.##
#.# ##.########
#.........########
.........####h@......$
###..........########.
#.....#.###.
...#...#.# #.
###.....#.# #.
##.##.#.# #. #. #.#.#
..


You could see a howler monkey.

Vanquished Creatures
  Natasha (thrice) (D:3)
  An adder (D:2)
  3 worms
  A dart slug (D:2)
  3 giant geckos
  A ball python (D:1)
  3 giant cockroaches
  3 hobgoblins (D:2)
  4 kobolds
  2 quokkas (D:3)
  2 bats (D:2)
  2 giant newts
  2 goblins (D:3)
  6 rats
36 creatures vanquished.

Notes
Turn   | Place    | Note
-------+----------+-------------------------------------------
     0 | D:1      | 4thArraOfDagon the Halfling Wanderer began the quest for the Orb.
     0 | D:1      | 4thArraOfDagon set off with: a +0 shield, a +0 ring mail, a +0 quarterstaff, a +0 club, a bread ration
     0 | D:1      | Reached XP level 1. HP: 15/15 MP: 1/1
    96 | D:1      | Reached XP level 2. HP: 5/20 MP: 2/2
   178 | D:2      | Found a faded altar of an unknown god.
   184 | D:2      | Became a worshipper of the Shining One
   184 | D:2      | Reached * piety under the Shining One
   246 | D:1      | Reached XP level 3. HP: 10/25 MP: 3/3
   284 | D:2      | Reached skill level 1 in Dodging
   693 | D:3      | Noticed Natasha
   699 | D:3      | Reached XP level 4. HP: 28/30 MP: 4/4
   707 | D:3      | Killed Natasha
   713 | D:3      | Noticed Natasha
   725 | D:3      | Killed Natasha
   725 | D:3      | Reached XP level 5. HP: 18/36 MP: 5/5
   749 | D:3      | Noticed Natasha
   757 | D:3      | Killed Natasha
   775 | D:3      | Reached ** piety under the Shining One
   903 | D:4      | HP: 1/36 [howler monkey (5)]
   904 | D:4      | The Shining One protects you from harm!
   905 | D:4      | Slain by a howler monkey

Vault maps used:
D:1:      evilmike_arrival_hilbert_curve, minmay_domino_2
D:2:      ecumenical_altar_1
D:3:      lemuel_crystal_altar, uniq_natasha, uniq_crazy_yiuf_cottage
D:4:      lemuel_doored_altar, serial_shops, shop

Skill      XL: |  1  2  3  4  5 |
---------------+----------------+-----
Dodging        | 1 2 |  2.0
Staves         | 2 |  2.7
Armour         | 3 |  3.3
Fighting       | 3 |  3.2
Bows           | |  1.2
Stealth        | |  1.1
Shields        | |  1.2

Action                   |  1- 3 |  4- 6 || total
-------------------------+-------+-------++-------
Melee: Quarterstaff      |    78 |    32 ||   110
       Club              |     1 |       ||     1
  Use: Potion            |     1 |     3 ||     4
       Scroll            |     2 |       ||     2
Armor: Ring mail         |    41 |     2 ||    43
       Skin              |     4 |       ||     4
Dodge: Dodged            |    64 |    19 ||    83
